 Dungeon Crawl Stone Soup version 0.30-a0-135-g630cfc4551 (webtiles) character file.

Game seed: 5891639807346187636

144 juncz the Magician (level 5, -6/40 HPs)
             Began as a Djinni Conjurer on Sept 21, 2022.
             Mangled by Ijyb
             ... wielding a +0 club
              (7 damage)
             ... on level 3 of the Dungeon.
             The game lasted 00:04:59 (2989 turns).

juncz the Magician (Djinni Conjurer)                Turns: 2989, Time: 00:05:00

Health: -6/40      AC:  3    Str:  6    XL:     5   Next: 52%
Gold:   138        EV: 12    Int: 21    God:
                   SH:  0    Dex: 12

rFire   + + .      SeeInvis .    (no weapon)
rCold   x . .      Faith    .    (no shield)
rNeg    . . .      Spirit   .    a - +0 robe
rPois   ∞          Reflect  .    (no helmet)
rElec   .          Harm     .    (no cloak)
rCorr   .          Rampage  .    l - +0 pair of gloves
Will    .....                    (boots unavailable)
Stlth   ++........               (no amulet)
HPRegen 0.13/turn                (no ring)
MPRegen 0.00/turn                (no ring)

@: mighty, flying
A: sickness immunity, fire resistance 2, cold vulnerability 1, float, innate
caster, HP casting, extra vitality 1
a: no special abilities


You were on level 3 of the Dungeon.
You visited 1 branch of the dungeon, and saw 3 of its levels.

You collected 138 gold pieces.

Inventory:

Armour
 a - a +0 robe (worn)
 l - a +0 pair of gloves (worn)
Scrolls
 d - a scroll of blinking {unknown}
 e - a scroll of poison {unknown}
 f - a scroll of enchant armour
 i - a scroll of teleportation
 j - a scroll of fear {unknown}
Potions
 b - a potion of heal wounds {unknown}
 c - a potion of magic {unknown}
 h - a potion of curing {unknown}


   Skills:
 + Level 3.2 Fighting
 - Level 2.1 Dodging
 - Level 1.5 Stealth
 + Level 4.2 Spellcasting


You couldn't memorise any spells.
You knew the following spells:

 Your Spells              Type           Power      Damage    Failure   Level
a - Magic Dart            Conj           88%        1d7       1%          1
b - Searing Ray           Conj           44%        2d6       3%          2
c - Dazzling Flash        Conj/Hex       44%        N/A       6%          3
d - Fulminant Prism       Conj/Hex       11%        3d9       21%         4
e - Iskenderun's Mystic   Conj/Tloc      22%        2d6       21%         4
f - Shock                 Conj/Air       88%        1d8       1%          1
g - Wereblood             Tmut           22%        N/A       3%          2
Your spell library was empty.

Dungeon Overview and Level Annotations

Branches:
Dungeon (3/15)

Altars:

Annotations:
D:3 Ijyb


Innate Abilities, Weirdness & Mutations

You are immune to sickness and miasma.
You are immune to poison.
Your flesh is very heat resistant. (rF++)
You are vulnerable to cold. (rC-)
You float through the air rather than walking.
You learn spells naturally, not from books.
Your magical power is your life essence.
You have superior vitality. (+4 MHP)


Message History

Ijyb is lightly wounded.
Ijyb shouts!
You hear a shout! x2
The zap hits Ijyb.
Ijyb is lightly wounded.
The zap hits Ijyb but does no damage.
Ijyb is lightly wounded.
Ijyb zaps a wand.
The mass of ice explodes!
The iceblast engulfs you!!
You feel a painful chill!
You hear a shout! x2
Ijyb zaps a wand.
The mass of ice explodes!
The iceblast engulfs you!
You feel a painful chill!
* * * LOW HITPOINT WARNING * * *
You hear a shout!
You start resting.
Ijyb is nearby!
Casting: Shock (safe; 1% risk of failure)
Confirm with . or Enter, or press ? or * to list all spells.
You erupt in a blast of force!
The mystic blast hits Ijyb.
Ijyb is moderately wounded.
Ijyb is knocked back by the mystic blast.
* * * LOW HITPOINT WARNING * * *
You hear a shout!
A goblin comes into view. It is wielding a +0 club.
Casting: Iskenderun's Mystic Blast (quite dangerous; 21% risk of failure)
Confirm with . or Enter, or press ? or * to list all spells.
You erupt in a blast of force!
The mystic blast hits Ijyb.
Ijyb is heavily wounded.
Ijyb is knocked back by the mystic blast.
Ijyb slams into the rock wall!
* * * LOW HITPOINT WARNING * * *
Casting: Iskenderun's Mystic Blast (quite dangerous; 21% risk of failure)
Confirm with . or Enter, or press ? or * to list all spells.
You erupt in a blast of force!
The mystic blast hits Ijyb but does no damage.
Ijyb is heavily wounded.
* * * LOW HITPOINT WARNING * * *
It was a potion of might.
You feel very mighty all of a sudden. Ijyb hits you with a +0 club!
You die...

#.......# #.##.# #.###.###
#.##.# #.# #.#####.##+##
#.# #.......#...#
#.##########..... #.##.##
##......
.#########.#...####....<..
.......g.g........'.......
.########@.....####.......
#......## ##......
##....## ##..... ##.#.#
##...# ###=# ##'## #.# #.#
#.# #.# #.# ##.## ##.##
##...#


You could see Ijyb and a goblin.

Vanquished Creatures
  2 orc wizards (D:3)
  A gnoll (D:1)
  An adder (D:3)
  3 dart slugs
  8 orcs (D:3)
  5 bats
  5 endoplasms
  8 giant cockroaches
  2 hobgoblins (D:2)
  4 jackals (D:1)
  4 kobolds (D:1)
  A quokka (D:1)
  3 ball pythons
  4 goblins (D:1)
  7 rats
58 creatures vanquished.

Vanquished Creatures (others)
  13 toadstools
13 creatures vanquished.

Grand Total: 71 creatures vanquished

Notes
Turn   | Place    | Note
-------+----------+-------------------------------------------
     0 | D:1      | juncz the Djinni Conjurer began the quest for the Orb.
     0 | D:1      | juncz set off with the following spells memorised: Magic
                  | Dart, Searing Ray, Dazzling Flash, Fulminant Prism,
                  | Iskenderun's Mystic Blast.
     0 | D:1      | Reached XP level 1. HP: 15/15 MP: 0/0
   120 | D:1      | Found a faded altar of an unknown god.
   341 | D:1      | Reached XP level 2. HP: 17/22 MP: 0/0
   407 | D:1      | Reached skill level 1 in Fighting
   581 | D:1      | Reached XP level 3. HP: 8/27 MP: 0/0
   581 | D:1      | Learned a level 1 spell: Shock
  1863 | D:2      | Reached XP level 4. HP: 28/33 MP: 0/0
  2522 | D:3      | Reached skill level 4 in Spellcasting
  2522 | D:3      | Reached XP level 5. HP: 23/40 MP: 0/0
  2522 | D:3      | Learned a level 2 spell: Wereblood
  2973 | D:3      | Noticed Ijyb
  2989 | D:3      | Mangled by Ijyb

Illustrated notes

Levels and vault maps discovered:
D:1:      ldierk_walled_garden, layout_loops_corners, basic_ecumenical_altar
D:2:      layout_rooms, basic_altar
D:3:      cheibrodos_fertilizer, layout_loops_corners, uniq_ijyb, uniq_sigmund

Skill      XL: |  1  2  3  4  5 |
---------------+----------------+-----
Fighting       | 1 2 3 |  3.2
Spellcasting   | 4 |  4.2
Dodging        | |  2.1
Stealth        | |  1.5

Action                   |  1- 3 |  4- 6 || total
-------------------------+-------+-------++-------
 Cast: Magic Dart        |    33 |       ||    33
       Shock             |    35 |    52 ||    87
       Iskenderun's Myst |       |     3 ||     3
  Use: Scroll            |       |     4 ||     4
       Potion            |       |     1 ||     1
Armor: Robe              |     2 |     1 ||     3
Dodge: Dodged            |    12 |     7 ||    19

Table legend: (Time is in decaauts)
 A = Elapsed time spent in this place.
 B = Non-inter-level travel time spent in this place.
 C = Inter-level travel time spent in this place.
 D = Time resting spent in this place.
 E = Time spent auto-exploring this place.
 F = Levels seen in this place.
 G = Mean time per level.
                   A        B        C        D        E       F      G
               +--------+--------+--------+--------+--------+-----+--------+
         Total |   2988 |   2950 |     38 |    447 |   2275 |   3 |  996.0 |
       Dungeon |   2988 |   2950 |     38 |    447 |   2275 |   3 |  996.0 |
               +--------+--------+--------+--------+--------+-----+--------+

Top non-repeatable levels by time:
     D:1: 1858 daAuts
     D:3: 569 daAuts
     D:2: 560 daAuts
